 Dungeon Crawl Stone Soup version 0.24-a0-91-g4e4936a (console) character file.

Game seed: 7737095681403593510

401 Voker57 the Slasher (level 6, -4/48 HPs)
             Began as a Demonspawn Gladiator on Feb 8, 2019.
             Killed from afar by an orc wizard (9 damage)
             ... with a magic dart
             ... on level 4 of the Dungeon.
             The game lasted 00:05:01 (2826 turns).

Voker57 the Slasher (Demonspawn Gladiator)          Turns: 2826, Time: 00:05:02

Health: -4/48      AC:  8    Str: 14    XL:     6   Next: 54%
Magic:  6/6        EV: 17    Int:  9    God:
Gold:   161        SH:  0    Dex: 17    Spells: 5/5 levels left

rFire    . . .     SeeInvis .   a - +0 long sword
rCold    . . .     Gourm    .   (no shield)
rNeg     . . .     Faith    .   k - +2 robe
rPois    .         Spirit   .   c - +0 helmet
rElec    .         Reflect  .   (no cloak)
rCorr    +         Harm     .   (no gloves)
MR       .....                  (no boots)
Stlth    ++........             (no amulet)
HPRegen  0.16/turn              r - +3 ring of evasion
MPRegen  0.10/turn              s - ring of resist corrosion

@: no status effects
A: thin metallic scales 2
a: no special abilities


You were on level 4 of the Dungeon.
You were hungry.

You visited 1 branch of the dungeon, and saw 4 of its levels.

You collected 161 gold pieces.

Inventory:

Hand Weapons
 a - a +0 long sword (weapon)
Armour
 b - a +0 leather armour
 c - a +0 helmet (worn)
 k - a +2 robe (worn)
Jewellery
 q - an uncursed amulet of harm
 r - a +3 ring of evasion (left hand)
 s - a ring of resist corrosion (right hand)
Wands
 j - a wand of random effects (13)
 v - a wand of iceblast (5)
Scrolls
 g - 4 scrolls of identify
 h - a scroll of remove curse {unknown}
 i - 2 scrolls of teleportation {unknown}
 l - a scroll of magic mapping {unknown}
Potions
 n - a potion of lignification {unknown}
 o - a potion of heal wounds {unknown}
 p - a potion of invisibility {unknown}
 t - a potion of mutation {unknown}
 u - a potion of haste {unknown}
 w - a potion of might {unknown}
 x - a potion of ambrosia {unknown}
Comestibles
 f - 10 rations


   Skills:
 + Level 3.8 Fighting
 * Level 5.1 Long Blades
 - Level 1.7 Throwing
 + Level 4.1 Dodging


You had 5 spell levels left.
You didn't know any spells.
Your spell library contained the following spells:

 Spells                   Type           Power        Failure   Level  Hunger
 Corona                   Hex            #......      38%         1    ##.....
 Ensorcelled Hibernation  Hex/Ice        #.....       52%         2    ###....
 Confuse                  Hex            #.......     77%         3    ####...
 Dazzling Spray           Conj/Hex       #.....       77%         3    ####...
 Tukima's Dance           Hex            #.......     77%         3    ####...


Dungeon Overview and Level Annotations

Branches:
Dungeon (4/15)
 Temple: D:4-7

Altars:
Ashenzari


Innate Abilities, Weirdness & Mutations

You are mostly covered in thin metallic scales. (AC +3)


Message History

You miss something. Something hits you but does no damage.
You miss something. Something hits you.
You closely miss something. Something hits you but does no damage.
You are feeling hungry.
You closely miss something.
You hear some strange, mumbled words.
A puff of flame appears from out of thin air!
The puff of flame hits you.
* * * LOW HITPOINT WARNING * * *
You closely miss something. Something hits you.
* * * LOW HITPOINT WARNING * * *
You hear some strange, mumbled words.
A puff of flame appears from out of thin air!
The puff of flame hits you.
* * * LOW HITPOINT WARNING * * *
You hit something but do no damage.
You hear some strange, mumbled words.
A magic dart appears from out of thin air!
The magic dart hits you!
You die...

#.....>................^....
#.##########################
#..........(....... #
#.####.####.####.# # #.# +.+
#(#.('. # #.# #.# #.#..# #
#.# ##.#+##.#'##.#'## # #..
....(............ # #.#
##.#+##{#'##.#'## # #. #.#
#@#..# # # #.# +.)$.# #.####
... ###


There were no monsters in sight!

Vanquished Creatures
  An ogre (D:4)
  2 howler monkeys (D:4)
  A hound (D:4)
  A bullfrog skeleton (D:4)
  Jessica (D:2)
  3 iguanas (D:4)
  3 adders
  A worm (D:2)
  A leopard gecko (D:1)
  An orc (D:4)
  5 bats
  3 giant cockroaches
  6 goblins
  6 hobgoblins
  6 jackals
  A quokka (D:4)
  4 ball pythons
  4 frilled lizards
  5 kobolds
  6 rats
61 creatures vanquished.

Notes
Turn   | Place    | Note
-------+----------+-------------------------------------------
     0 | D:1      | Voker57 the Demonspawn Gladiator began the quest for the
                  | Orb.
     0 | D:1      | Reached XP level 1. HP: 16/16 MP: 1/1
   315 | D:1      | Reached skill level 3 in Long Blades
   316 | D:1      | Gained mutation: You are partially covered in thin metallic
                  | scales. (AC +2) [demonic ancestry]
   316 | D:1      | Reached XP level 2. HP: 19/22 MP: 2/2
  1124 | D:2      | Reached XP level 3. HP: 22/28 MP: 3/3
  1183 | D:2      | Noticed Jessica
  1191 | D:2      | Killed Jessica
  1205 | D:2      | Reached XP level 4. HP: 26/34 MP: 4/4
  2435 | D:4      | Reached skill level 4 in Long Blades
  2446 | D:4      | Noticed an ogre
  2464 | D:4      | Reached XP level 5. HP: 31/41 MP: 5/5
  2486 | D:4      | Killed an ogre
  2486 | D:4      | Gained mutation: You are mostly covered in thin metallic
                  | scales. (AC +3) [demonic ancestry]
  2486 | D:4      | Reached XP level 6. HP: 22/47 MP: 6/6
  2631 | D:4      | Found a shattered altar of Ashenzari.
  2732 | D:4      | Reached skill level 5 in Long Blades
  2826 | D:4      | Killed from afar by an orc wizard

Levels and vault maps discovered:
D:1:      dpeg_arrival_castle, layout_basic
D:2:      layout_basic, uniq_jessica
D:3:      layout_loops_ring, first_ration
D:4:      minmay_door_path, layout_rooms, nicolae_overflow_crystal_walls,
          minmay_misc_feat_diagonals

Skill      XL: |  1  2  3  4  5  6 |
---------------+-------------------+-----
Long Blades    | 3 4 5 |  5.1
Dodging        | 3 4 |  4.1
Fighting       | 3 |  3.8
Throwing       | |  1.7

Action                   |  1- 3 |  4- 6 || total
-------------------------+-------+-------++-------
Melee: Long sword        |    64 |   153 ||   217
Throw: Throwing net      |       |     5 ||     5
  Use: Scroll            |       |     3 ||     3
       Potion            |       |     3 ||     3
 Stab: Held in net/web   |       |     1 ||     1
  Eat: Chunk             |       |     6 ||     6
Armor: Leather armour    |    24 |     1 ||    25
       Robe              |       |    38 ||    38
       Skin              |       |     2 ||     2
Dodge: Dodged            |    52 |   119 ||   171
       Rpst.: Long sword |    18 |    37 ||    55

Table legend:
 A = Non-vault XP
 B = Vault XP
 C = Vault XP percentage of total XP
 D = Non-vault monster count
 E = Vault monster count
 F = Vault count percentage of total count
                 A         B        C        D         E       F
            +---------+---------+-------+---------+---------+-------
      Total |     534 |      40 |   7.0 |      59 |       2 |   3.3
            +---------+---------+-------+---------+---------+-------
        D:1 |      18 |       0 |   0.0 |      12 |       0 |   0.0
        D:2 |      59 |      37 |  38.5 |      28 |       1 |   3.4
        D:3 |      38 |       0 |   0.0 |       9 |       0 |   0.0
        D:4 |     419 |       3 |   0.7 |      10 |       1 |   9.1
            +---------+---------+-------+---------+---------+-------
